 Dungeon Crawl Stone Soup version 0.20.1-1-g8b1a95d (webtiles) character file.

7395 dstrtn the Cleaver (level 11, -4/138 HPs)
             Began as a Hill Orc Fighter on Aug 29, 2017.
             Was a Believer of Beogh.
             Killed from afar by a rime drake (17 damage)
             ... with a flash freeze
             ... on level 3 of the Lair of Beasts.
             The game lasted 00:33:43 (8790 turns).

dstrtn the Cleaver (Hill Orc Fighter)               Turns: 8790, Time: 00:33:44

Health: -4/138     AC: 25    Str: 22    XL:     11   Next: 14%
Magic:  17/17      EV:  2    Int:  8    God:    Beogh [**....]
Gold:   463        SH: 11    Dex: 11    Spells: 10/10 levels left

rFire    . . .     SeeInvis +   a - +1 war axe
rCold    . . .     Gourm    .   c - +0 shield
rNeg     + + +     Faith    .   (armour currently unavailable)
rPois    +         Spirit   .   (helmet currently unavailable)
rElec    .         Reflect  .   (cloak currently unavailable)
rCorr    .         Harm     .   (gloves currently unavailable)
MR       .....     NoTele   +   (boots currently unavailable)
Stlth    +.........             A - amulet of rage
Regen    0.4/turn               (no ring)
MPRegen  0.2/turn               u - ring of see invisible

@: tree-form
A: no striking features
a: Smiting, Renounce Religion, Evoke Berserk Rage


You were on level 3 of the Lair of Beasts.
You worshipped Beogh.
Beogh was pleased with you.
You were very hungry.
You were a tree.
You visited 2 branches of the dungeon, and saw 11 of its levels.

You collected 640 gold pieces.
You spent 177 gold pieces at shops.

Inventory:

Hand Weapons
 a - a +1 war axe (weapon)
 l - a +3 flail of crushing
 E - a +0 battleaxe
Missiles
 e - 313 stones
 m - 16 javelins (quivered)
 v - 114 arrows
 P - a throwing net
Armour
 c - a +0 shield (worn)
 q - a +4 ring mail
 y - a +1 pair of gloves (melded)
 H - a +0 helmet (melded)
 J - the cursed +0 chain mail "Cuocsou" (melded) {*Contam rPois rC+ MP+9}
   (You found it on level 2 of the Lair of Beasts)

   It protects you from cold.
   It protects you from poison.
   It affects your magic capacity (+9).
   It causes magical contamination when unequipped.
   It has a curse placed upon it.
Jewellery
 j - an uncursed ring of ice
 p - the ring of Payderia {rElec Dex-3}
   (You bought it in a shop on level 8 of the Dungeon)

   [ring of dexterity]

   It affects your dexterity (-3).
   It insulates you from electricity.
 u - a ring of see invisible (right branch)
 A - an amulet of rage (around neck)
 D - an uncursed ring of protection from magic {unknown}
 N - a cursed amulet of inaccuracy {unknown}
 Q - a +4 ring of slaying {unknown}
Wands
 K - a wand of lightning (7/15)
 L - a wand of iceblast (6/15)
Scrolls
 i - a scroll of fog
 k - 6 scrolls of remove curse
 r - 5 scrolls of teleportation
 w - a scroll of enchant armour {unknown}
 x - 3 scrolls of summoning {unknown}
 C - a scroll of amnesia {unknown}
 G - a scroll of enchant weapon
 I - a scroll of immolation {unknown}
Potions
 b - a potion of haste {unknown}
 d - 2 potions of agility {unknown}
 g - a potion of curing
 h - 2 potions of magic {unknown}
 o - 2 potions of brilliance
 s - 4 potions of flight
 z - 2 potions of mutation {unknown}
 B - a potion of resistance {unknown}
 F - 2 potions of invisibility {unknown}
 O - a potion of ambrosia {unknown}
Books
 M - a book of Air

   Spells                             Type                      Level
   a - Shock                          Conjuration/Air              1
   b - Swiftness                      Charms/Air                   2
   c - Static Discharge               Conjuration/Air              3
   d - Airstrike                      Air                          4
   e - Lightning Bolt                 Conjuration/Air              5
Comestibles
 f - 2 bread rations
 n - 3 meat rations


   Skills:
 - Level 7.2 Fighting
 * Level 13.1 Axes
 - Level 6.8 Armour
 + Level 7.8 Shields
 + Level 8.3 Invocations
 + Level 6.2 Evocations


You had 10 spell levels left.
You didn't know any spells.

Dungeon Overview and Level Annotations

Branches:
Dungeon (8/15)             Temple (0/1) D:7            Lair (3/6) D:8
  Swamp: Lair:2-4    Shoals: Lair:2-4     Snake: Lair:2-4    Spider: Lair:2-4

Altars:
Ashenzari
Dithmenos
Elyvilon
Gozag
Hepliaklqana
Kikubaaqudgha
Ru
Sif Muna
Uskayaw
Xom
Yredelemnul

Shops:
D:4 *   D:8 =

Annotations:
D:4 exclusion: downstairs
D:5 slashbreak's ghost, novice GrFi
D:7 1 exclusion


Message History

* * * LOW HITPOINT WARNING * * *
Okay, then.
Evoke which item? (* to show all) (? for menu, Esc to quit)
Aiming: Lightning Bolt (will waste charges)
Press: ? - help, Shift-Dir - straight line, f - komodo dragon
Aim: a komodo dragon (severely wounded)
You hear a mighty clap of thunder!
The bolt of lightning hits the komodo dragon.
You kill the komodo dragon!
Beogh accepts your kill.
The bolt of lightning hits the plant.
The plant is lightly damaged.
Evoking this partially-identified wand wasted a few charges.
You hear an angry hiss.
You hear a croak.
You start resting.
A rime drake comes into view.
A rime drake is nearby!
The rime drake breathes ice at you.
Helpless, you fail to dodge the flash freeze.
You die...

.... ##....# #...#.
#.....##......
###P...........
###............#..
......##.....#...
#......##.......
#.###...PP#.<....P..
#..%....P†♣....(...
#..................
#...#..............
#.).................
≈.....$........P.....
≈≈≈.......#.....###k..
≈≈.#./#...#....## ...
≈≈......#..###...
......#.# ...#


You could see a rime drake.

Vanquished Creatures
  An elephant (Lair:1)
  5 spiny frogs
  A komodo dragon (Lair:3)
  A hippogriff (D:8)
  15 yaks
  A hungry ghost (D:7)
  Edmund (D:5)
  5 water moccasins
  3 porcupines
  An ice beast (D:6)
  2 orc warriors
  3 ogres
  2 crocodiles (Lair:1)
  A bullfrog (Lair:1)
  2 elf skeletons (D:5)
  A wyvern skeleton (D:8)
  4 scorpions
  A howler monkey (D:6)
  2 crimson imps
  2 orc priests
  4 hounds
  An iguana (D:5)
  3 orc wizards
  Ijyb (D:3)
  4 human skeletons (D:5)
  4 worker ants
  2 howler monkey zombies
  A gnoll (D:1)
  9 adders
  A shadow imp (D:5)
  4 oozes
  An adder zombie (D:6)
  A worm (D:3)
  2 dart slugs
  A leopard gecko (D:4)
  14 orcs
  6 bats
  5 giant cockroaches
  5 goblins
  9 hobgoblins
  8 jackals
  10 kobolds
  2 quokkas
  A ball python (D:1)
  4 frilled lizards
  A quokka skeleton (D:5)
  3 rats
161 creatures vanquished.

Vanquished Creatures (others)
  An adder (D:3)
  An orc (D:3)
  A hobgoblin (D:3)
  A rat (D:3)
  A fungus (Lair:2)
5 creatures vanquished.

Grand Total: 166 creatures vanquished

Notes
Turn   | Place    | Note
-------+----------+-------------------------------------------
     0 | D:1      | dstrtn the Hill Orc Fighter began the quest for the Orb.
     0 | D:1      | Reached XP level 1. HP: 19/19 MP: 1/1
    52 | D:1      | Reached skill level 3 in Axes
    76 | D:1      | Reached XP level 2. HP: 26/26 MP: 2/2
   269 | D:1      | Reached XP level 3. HP: 33/33 MP: 3/3
   906 | D:2      | Reached skill level 4 in Axes
  1011 | D:2      | Reached XP level 4. HP: 32/40 MP: 4/4
  1332 | D:3      | Became a worshipper of Beogh the Brigand
  1659 | D:3      | Noticed Ijyb
  1663 | D:3      | Killed Ijyb
  1663 | D:3      | Reached XP level 5. HP: 46/46 MP: 5/5
  1847 | D:3      | Found a white marble altar of Elyvilon.
  2274 | D:4      | Reached skill level 5 in Axes
  2419 | D:4      | Reached * piety under Beogh
  2420 | D:4      | Found Itwor's General Store.
  2457 | D:4      | Bought a scroll of teleportation for 30 gold pieces
  2878 | D:5      | Entered Level 5 of the Dungeon
  2884 | D:5      | Reached XP level 6. HP: 53/53 MP: 6/6
  3027 | D:5      | Noticed Edmund
  3037 | D:5      | Killed Edmund
  3037 | D:5      | Reached skill level 6 in Axes
  3189 | D:5      | Noticed slashbreak's ghost (novice GrFi)
  3243 | D:5      | Found a shattered altar of Ashenzari.
  3281 | D:5      | Reached XP level 7. HP: 60/60 MP: 7/7
  3418 | D:5      | Found a basalt altar of Yredelemnul.
  3499 | D:5      | Reached skill level 5 in Fighting
  3531 | D:5      | Reached skill level 7 in Axes
  3531 | D:5      | Reached skill level 5 in Armour
  3531 | D:5      | Reached skill level 5 in Shields
  3563 | D:5      | Reached ** piety under Beogh
  3772 | D:6      | Reached skill level 1 in Invocations
  3807 | D:6      | Found a hazy altar of Hepliaklqana.
  3809 | D:6      | Found a shimmering altar of Xom.
  3809 | D:6      | Found a shattered altar of Ashenzari.
  3811 | D:6      | Found a shimmering altar of Xom.
  3811 | D:6      | Found a shadowy altar of Dithmenos.
  3811 | D:6      | Found an opulent altar of Gozag.
  3884 | D:6      | Reached XP level 8. HP: 68/68 MP: 9/9
  4003 | D:6      | Reached skill level 8 in Axes
  4374 | D:6      | Found a sacrificial altar of Ru.
  4510 | D:6      | Found a hazy altar of Hepliaklqana.
  4794 | D:7      | Reached skill level 9 in Axes
  4878 | D:7      | Found a deep blue altar of Sif Muna.
  4882 | D:7      | Found a staircase to the Ecumenical Temple.
  5567 | D:8      | Reached skill level 5 in Invocations
  5710 | D:8      | Reached XP level 9. HP: 71/75 MP: 12/12
  5731 | D:8      | Reached skill level 10 in Axes
  5942 | D:8      | Found a hide-covered altar of Uskayaw.
  5954 | D:8      | Found an ancient bone altar of Kikubaaqudgha.
  6005 | D:8      | Noticed a death yak
  6005 | D:8      | Noticed a death yak
  6005 | D:8      | Noticed a death yak
  6179 | D:8      | Found Ziehugin's Jewellery Shop.
  6187 | D:8      | Bought the cursed ring of Payderia {rElec Dex-3} for 147 gold pieces
  6206 | D:8      | Found a staircase to the Lair.
  6246 | Lair:1   | Entered Level 1 of the Lair of Beasts
  6277 | Lair:1   | Noticed a spiny frog
  6287 | Lair:1   | Killed a spiny frog
  6524 | Lair:1   | Noticed a spiny frog
  6543 | Lair:1   | Killed a spiny frog
  6556 | Lair:1   | Reached skill level 5 in Evocations
  6556 | Lair:1   | Reached XP level 10. HP: 13/84 MP: 14/14
  6562 | Lair:1   | Reached skill level 11 in Axes
  6602 | Lair:1   | Noticed a spiny frog
  6618 | Lair:1   | Killed a spiny frog
  7055 | Lair:1   | Noticed an elephant
  7074 | Lair:1   | Killed an elephant
  7319 | Lair:2   | Noticed a spiny frog
  7326 | Lair:2   | Killed a spiny frog
  7326 | Lair:2   | Reached skill level 12 in Axes
  7527 | Lair:2   | Got a fine chain mail
  7538 | Lair:2   | Identified the cursed +0 chain mail "Cuocsou" {*Contam rPois rC+ MP+9} (You found it on level 2 of the Lair of Beasts)
  7907 | Lair:2   | Noticed a spiny frog
  7929 | Lair:1   | Killed a spiny frog
  7929 | Lair:1   | Reached XP level 11. HP: 32/92 MP: 16/16
  8367 | Lair:2   | Reached skill level 13 in Axes
  8368 | Lair:2   | Noticed an eight-headed hydra
  8790 | Lair:3   | Killed from afar by a rime drake

Skill      XL: |  1  2  3  4  5  6  7  8  9 10 11 |
---------------+----------------------------------+-----
Axes           | 3 4 5 6 7 9 10 12 13 | 13.1
Fighting       | 4 5 6 7 |  7.2
Shields        | 4 5 6 7 |  7.8
Armour         | 4 5 6 |  6.8
Invocations    | 2 5 6 7 8 |  8.3
Evocations     | 5 6 |  6.2

Action                   |  1- 3 |  4- 6 |  7- 9 | 10-12 || total
-------------------------+-------+-------+-------+-------++-------
Melee: War axe           |    72 |   181 |   292 |   151 ||   696
Throw: Stone             |     1 |       |       |       ||     1
       Javelin           |       |       |     5 |       ||     5
Invok: Convert to Beogh  |       |     1 |       |       ||     1
       Smiting           |       |       |       |     2 ||     2
 Abil: Evoke Berserk Rag |       |       |     1 |     5 ||     6
Evoke: Wand              |       |       |       |     1 ||     1
  Use: Scroll            |       |     7 |     7 |     1 ||    15
       Potion            |       |     2 |     3 |     4 ||     9
  Eat: Chunk             |       |     7 |     3 |     9 ||    19
       Fruit             |       |     1 |     3 |       ||     4
       Royal jelly       |       |       |     2 |     1 ||     3
       Bread ration      |       |       |     1 |       ||     1
Armor: Scale mail        |    37 |    32 |       |       ||    69
       Ring mail         |       |    40 |    97 |     5 ||   142
       Skin              |       |       |       |    34 ||    34
       Chain mail        |       |       |       |    21 ||    21
Dodge: Dodged            |    22 |    53 |    67 |    28 ||   170
Block: Shield            |    47 |    89 |   131 |    64 ||   331
